 Dungeon Crawl Stone Soup version 0.28-a0-983-g1de4e0787c (webtiles) character file.

Game seed: 8812146659925490702

3404 Ijustatesigmund the Cleaver (level 10, 0/92 HPs)
             Began as a Hill Orc Fighter on Dec 3, 2021.
             Was an Initiate of Cheibriados.
             Slain by Harold (8 damage)
             ... on level 7 of the Dungeon.
             The game lasted 00:17:33 (8061 turns).

Ijustatesigmund the Cleaver (Hill Orc Fighter)      Turns: 8061, Time: 00:17:34

Health: 0/92       AC: 12    Str: 20 (21) XL:     10   Next: 4%
Magic:  11/12      EV:  9    Int: 12 (13) God:    Cheibriados [......]
Gold:   433        SH:  9    Dex:  9 (11) Spells: 8/9 levels left

rFire   . . .      SeeInvis .   a - +4 broad axe (drain)
rCold   . . .      Faith    .   c - +1 kite shield
rNeg    . . .      Spirit   .   b - +0 acid dragon scales
rPois   .          Reflect  .   (no helmet)
rElec   .          Harm     .   w - +1 cloak
rCorr   +          Rampage  .   h - +1 pair of gloves
Will    .....                   (no boots)
Stlth   +.........              l - amulet of the acrobat
HPRegen 0.25/turn               k - ring of resist corrosion
MPRegen 0.13/turn               (no ring)

@: lethally poisoned (0 -> -11), very slow
A: no striking features
a: Renounce Religion


You were on level 7 of the Dungeon.
You worshipped Cheibriados.
Cheibriados was noncommittal.
You visited 2 branches of the dungeon, and saw 8 of its levels.

You collected 477 gold pieces.
You spent 44 gold pieces at shops.

Inventory:

Hand Weapons
 a - a +4 broad axe of draining (weapon)
 d - the +7 hunting sling "Sarcophage" {vorpal, rN++ rCorr}
   (You found it on level 6 of the Dungeon)

   Any ammunition fired from it inflicts extra damage upon your enemies.
   rN:        It greatly protects you from negative energy.
   rCorr:     It protects you from acid and corrosion.
 e - a +3 war axe
 f - a +2 vorpal war axe
Missiles
 u - 38 poisoned darts (quivered)
Armour
 b - +0 acid dragon scales (worn)
 c - a +1 kite shield (worn)
 h - a +1 pair of gloves (worn)
 w - a +1 cloak (worn)
Jewellery
 g - a +4 ring of protection
 k - a ring of resist corrosion (left hand)
 l - an amulet of the acrobat (around neck)
Wands
 i - a wand of paralysis (6)
Scrolls
 q - a scroll of magic mapping
Potions
 j - a potion of flight
 p - a potion of mutation
 r - a potion of attraction


   Skills:
 + Level 9.7 Fighting
 + Level 11.3 Axes
 - Level 7.6 Armour
 + Level 5.0 Shields
 + Level 2.2 Translocations
 + Level 2.7 Invocations


You had 8 spell levels left.
You knew the following spells:

 Your Spells              Type           Power      Damage    Failure   Level
a - Apportation           Tloc           10%        N/A       52%         1

Your spell library contained the following spells:

 Spells                   Type           Power      Damage    Failure   Level
 Animate Skeleton         Necr           0%         N/A       83%         1
 Summon Small Mammal      Summ           0%         N/A       83%         1
 Corpse Rot               Necr/Air       0%         N/A       92%         2
 Ensorcelled Hibernation  Hex/Ice        0%         N/A       92%         2
 Poisonous Vapours        Pois/Air       0%         N/A       92%         2
 Tukima's Dance           Hex            0%         N/A       99%         3


Dungeon Overview and Level Annotations

Branches:
Dungeon (7/15)             Temple (1/1) D:7

Altars:
Ashenzari
Cheibriados
Dithmenos
Elyvilon
Fedhas
Gozag
Hepliaklqana
Kikubaaqudgha
Makhleb
Nemelex Xobeh
Okawaru
Qazlal
Ru
Sif Muna
Trog
Uskayaw
Vehumet
Wu Jian
Xom
Yredelemnul
Zin
The Shining One

Shops:
D:2 ***[

Annotations:
D:7 Harold


Message History

You feel much better.
You feel very sick.
The killer bee stings you but does no damage.
The killer bee stings you. The killer bee barely misses you.
You block Harold's attack. The killer bee barely misses you.
You block the killer bee's attack. The killer bee closely misses you.
It was a potion of degeneration.
There was something very wrong with that liquid.
You feel weakened.
You feel dopey.
You feel clumsy.
You feel sick.
The killer bee stings you but does no damage.
The killer bee stings you.
You are more poisoned.
The killer bee poisons you!
The killer bee stings you but does no damage.
Harold hits you with a +0 war axe.
* * * LOW HITPOINT WARNING * * *
The killer bee stings you but does no damage.
You block the killer bee's attack. x2
You barely miss Harold.
Harold is almost dead.
You hit the killer bee.
You kill the killer bee!
Cheibriados thoroughly appreciates the change of pace.
You slash the killer bee! You drain the killer bee.
You kill the killer bee!
Cheibriados thoroughly appreciates the change of pace.
You slash the killer bee!
You kill the killer bee!
Cheibriados thoroughly appreciates the change of pace.
You feel very sick. You block Harold's attack.
Harold hits you with a +0 war axe!
* * * LOW HITPOINT WARNING * * *
Your Shields skill increases to level 5!
You hit Harold but do no damage. You drain Harold.
Harold is almost dead.
* * * LOW HITPOINT WARNING * * *
You feel very sick. Harold hits you with a +0 war axe!
You die...

#######...†......[...+........
#..#####.###...#.#######
#................#
####.#####.#########
#...........#
########...........#############
.......)).............yy.......#
########.......†.@.####y.......#
#.......†@..# #........#
##...........# #yy......#
#.....>......# #........#
#.....######........$..#.##
#.....# #...........#.#. #.....#
#...........#.#. #######
...........#... ...........###.
...........# #.


You could see Harold (drained).

Vanquished Creatures
  Pikel (D:5)
  Maggie (D:6)
  A shadow (D:5)
  A wraith (D:7)
  A steam dragon (D:7)
  Menkaure (D:7)
  A sky beast (D:6)
  A hornet zombie (D:5)
  2 orc warriors
  An ice beast (D:7)
  A necrophage (D:4)
  An ogre (D:4)
  A centaur (D:4)
  2 lemures (D:5)
  A phantom (D:4)
  A bullfrog (D:6)
  A kobold brigand (D:7)
  4 scorpions
  4 killer bees
  2 howler monkeys
  2 centaur zombies (D:7)
  2 orc priests
  Crazy Yiuf (D:6)
  3 hounds
  A bullfrog skeleton (D:4)
  2 iguanas (D:4)
  5 orc wizards
  A hound skeleton (D:4)
  3 gnolls (D:5)
  5 adders
  A shadow imp (D:6)
  A white imp (D:5)
  4 worms
  7 dart slugs
  17 orcs
  7 ball pythons
  5 bats
  6 endoplasms
  2 giant cockroaches
  12 goblins
  8 hobgoblins
  4 jackals (D:2)
  13 kobolds
  A quokka (D:2)
  3 frilled lizards
  5 rats
150 creatures vanquished.

Vanquished Creatures (collateral kills)
  A howler monkey zombie (D:6)
  An adder (D:6)
2 creatures vanquished.

Vanquished Creatures (others)
  4 fungi (D:1)
  3 plants (D:1)
7 creatures vanquished.

Grand Total: 159 creatures vanquished

Notes
Turn   | Place    | Note
-------+----------+-------------------------------------------
     0 | D:1      | Ijustatesigmund the Hill Orc Fighter began the quest for
                  | the Orb.
     0 | D:1      | Reached XP level 1. HP: 19/19 MP: 1/1
   258 | D:1      | Reached skill level 3 in Axes
   277 | D:1      | Reached XP level 2. HP: 23/27 MP: 2/2
   378 | D:1      | Learned a level 1 spell: Apportation
   386 | D:1      | Reached skill level 4 in Axes
   454 | D:1      | Found a faded altar of an unknown god.
   918 | D:2      | Found a blossoming altar of Fedhas.
   932 | D:2      | Reached XP level 3. HP: 33/33 MP: 3/3
   994 | D:2      | Found Ekefrox's General Store.
  1263 | D:2      | Reached skill level 5 in Axes
  1281 | D:2      | Reached XP level 4. HP: 40/40 MP: 4/4
  1359 | D:2      | Found Woamish's General Store.
  1398 | D:2      | Found Yneehew's Antique Armour Shop.
  1515 | D:2      | Found Wemupan's Assorted Antiques.
  1518 | D:2      | Bought a scroll labelled FAMAOL JELOM for 22 gold pieces
  1518 | D:2      | Bought a scroll labelled ILAACS RATOMP for 22 gold pieces
  1723 | D:3      | Noticed an ogre
  1739 | D:2      | Reached skill level 6 in Axes
  1973 | D:3      | Reached XP level 5. HP: 23/47 MP: 5/5
  2736 | D:3      | Found a hazy altar of Hepliaklqana.
  2737 | D:3      | Found a sparkling altar of Nemelex Xobeh.
  3021 | D:4      | You fall into a shaft and drop 1 floor!
  3021 | D:5      | Entered Level 5 of the Dungeon
  3057 | D:4      | Reached XP level 6. HP: 55/55 MP: 6/6
  3154 | D:4      | Reached skill level 5 in Fighting
  3169 | D:4      | Reached skill level 7 in Axes
  3484 | D:4      | Noticed a necrophage
  3492 | D:4      | Killed a necrophage
  3493 | D:4      | Reached XP level 7. HP: 54/62 MP: 7/7
  3880 | D:4      | Reached skill level 5 in Armour
  3882 | D:4      | Reached skill level 8 in Axes
  4386 | D:5      | Reached XP level 8. HP: 45/71 MP: 8/8
  4484 | D:5      | Noticed a shadow
  4496 | D:5      | Killed a shadow
  5186 | D:6      | Reached skill level 9 in Axes
  5250 | D:6      | Noticed Maggie
  5262 | D:6      | Killed Maggie
  5264 | D:6      | Noticed Pikel
  5859 | D:5      | Reached XP level 9. HP: 32/69 MP: 9/9
  6137 | D:5      | Killed Pikel
  6138 | D:5      | Reached skill level 10 in Axes
  6410 | D:6      | Identified the +7 hunting sling "Sarcophage" {vorpal, rN++
                  | rCorr}
  6809 | D:6      | Found a runed translucent door.
  6810 | D:6      | Noticed Crazy Yiuf
  6815 | D:6      | Killed Crazy Yiuf
  6869 | D:7      | Noticed Menkaure
  6874 | D:7      | Killed Menkaure
  6881 | D:7      | Reached skill level 1 in Translocations
  6927 | D:7      | Found a staircase to the Ecumenical Temple.
  6984 | Temple   | Entered the Ecumenical Temple
  7410 | Temple   | Became a worshipper of Cheibriados the Contemplative
  7560 | D:7      | Reached skill level 11 in Axes
  7588 | D:7      | Reached skill level 1 in Invocations
  7924 | D:7      | Noticed Harold
  8024 | Temple   | Reached XP level 10. HP: 85/91 MP: 11/11
  8061 | D:7      | Reached skill level 5 in Shields
  8061 | D:7      | Slain by Harold

Illustrated notes

Levels and vault maps discovered:
D:1:      lemuel_arrival_river_ford, layout_basic,
          shapermc_ecumenical_altar_mp_urbaneastern
D:2:      layout_loops_ring, serial_shops, nicolae_shop_behind_doors,
          nicolae_shop_behind_doors, shop, shop, basic_altar,
          minmay_tetromino_o4
D:3:      layout_rooms, gammafunk_temple_overflow_statue, minmay_starry_boxes
D:4:      layout_gridville, kennysheep_generic_room_4
D:5:      layout_rooms
D:6:      layout_rooms, minmay_fountain_box, kennysheep_cluttered_room,
          uniq_crazy_yiuf_cottage, uniq_pikel, uniq_maggie
D:7:      layout_basic, minmay_temple_entry_proselytizer, uniq_menkaure,
          uniq_harold
Temple:   mainiacjoe_temple_big_plus

Skill      XL: |  1  2  3  4  5  6  7  8  9 10 |
---------------+-------------------------------+-----
Axes           | 3 4 5 6 7 8 9 11 | 11.3
Fighting       | 4 5 6 8 9 |  9.7
Armour         | 4 5 7 |  7.6
Shields        | 4 5 |  5.0
Translocations | 2 |  2.2
Invocations    | 2 |  2.7

Action                   |  1- 3 |  4- 6 |  7- 9 | 10-12 || total
-------------------------+-------+-------+-------+-------++-------
Melee: War axe           |   108 |   127 |   150 |       ||   385
       Broad axe         |       |       |    65 |     7 ||    72
  Use: Scroll            |     5 |     5 |    10 |       ||    20
       Potion            |       |     2 |     2 |     4 ||     8
Armor: Chain mail        |    50 |   103 |    67 |       ||   220
       Acid dragon scale |       |       |    30 |    15 ||    45
       Skin              |       |       |     5 |       ||     5
Dodge: Dodged            |    24 |    35 |    76 |    16 ||   151
Block: Buckler           |    28 |    15 |       |       ||    43
       Kite shield       |       |    35 |   108 |    22 ||   165

Table legend: (Time is in decaauts)
 A = Elapsed time spent in this place.
 B = Non-inter-level travel time spent in this place.
 C = Inter-level travel time spent in this place.
 D = Time resting spent in this place.
 E = Time spent auto-exploring this place.
 F = Levels seen in this place.
 G = Mean time per level.
                   A        B        C        D        E       F      G
               +--------+--------+--------+--------+--------+-----+--------+
         Total |   8294 |   8070 |    224 |   2045 |   4658 |   8 | 1036.8 |
       Dungeon |   7707 |   7567 |    140 |   1943 |   4272 |   7 | 1101.0 |
        Temple |    587 |    503 |     84 |    102 |    386 |   1 |  587.0 |
               +--------+--------+--------+--------+--------+-----+--------+

Top non-repeatable levels by time:
     D:5: 1873 daAuts
     D:4: 1253 daAuts
     D:3: 1108 daAuts
     D:2: 981 daAuts
     D:1: 949 daAuts
     D:6: 839 daAuts
     D:7: 700 daAuts
  Temple: 587 daAuts
